 Dungeon Crawl Stone Soup version 0.24.1 (webtiles) character file.

Game seed: 9191474458008148728, levelgen mode: deterministic

7508 BreadTh the Brawler (level 10, 0/96 HPs)
             Began as a Troll Berserker on Mar 30, 2020.
             Was a High Priest of Trog.
             Slain by a komodo dragon (19 damage)
             ... on level 9 of the Dungeon.
             The game lasted 00:31:34 (7214 turns).

BreadTh the Brawler (Troll Berserker)               Turns: 7214, Time: 00:31:34

Health: 0/96       AC: 10    Str: 27    XL:     10   Next: 95%
Magic:  9/9        EV: 14    Int:  3    God:    Trog [*****.]
Gold:   624        SH:  2    Dex: 12    Spells: 9/9 levels left

rFire    . . .     SeeInvis .     - Unarmed
rCold    . . .     Gourm    +   (no shield)
rNeg     . . .     Faith    .   a - +0 animal skin
rPois    +         Spirit   .   j - +2 hat
rElec    .         Reflect  +   (no cloak)
rCorr    .         Harm     .   (gloves unavailable)
MR       .....                  (boots unavailable)
Stlth    +.........             A - +2 amulet of reflection
HPRegen  0.66/turn              m - ring of poison resistance
MPRegen  0.11/turn              s - +3 ring of evasion

@: no status effects
A: large, unfitting armour, antennae 1, claws 3, iridescent scales 1, fast
metabolism 3, gourmand, regeneration 1, shaggy fur 1, tough skin 3
a: Berserk, Trog's Hand, Brothers in Arms, Renounce Religion


You were on level 9 of the Dungeon.
You worshipped Trog.
Trog was extremely pleased with you.
You were very full.

You visited 2 branches of the dungeon, and saw 10 of its levels.
You visited the Abyss 1 time.

You collected 624 gold pieces.

Inventory:

Missiles
 p - 88 bolts
 q - 42 poisoned darts (quivered)
 u - 15 boomerangs
 v - 4 datura-tipped darts
 G - 5 javelins
Armour
 a - a +0 animal skin (worn)
 g - a +0 shield of protection
 j - a +2 hat (worn)
Jewellery
 i - an uncursed amulet of the acrobat
 m - a ring of poison resistance (left claw)
 s - a +3 ring of evasion (right claw)
 A - a +2 amulet of reflection (around neck)
 F - an uncursed ring of ice
 H - a +6 ring of intelligence
Wands
 h - a wand of acid (17)
 l - a wand of disintegration (24)
 y - a wand of paralysis (3)
 D - a wand of enslavement (11)
 E - a wand of polymorph (4)
Scrolls
 e - 5 scrolls of teleportation
 n - 6 scrolls of remove curse
 o - 2 scrolls of magic mapping
 x - 4 scrolls of identify
 z - 2 scrolls of enchant weapon
 B - a scroll of fog {unknown}
Potions
 c - 2 potions of heal wounds
 d - 4 potions of agility
 f - a potion of haste
 k - 3 potions of lignification
 r - 2 potions of curing
 t - 2 potions of berserk rage
 w - 2 potions of magic
Comestibles
 b - 16 rations
 C - a chunk of flesh


   Skills:
 - Level 5.0 Fighting
 - Level 3.0 Dodging
 * Level 15.3 Unarmed Combat


You had 9 spell levels left.
You didn't know any spells.
Your spell library was empty.

Dungeon Overview and Level Annotations

Branches:
Dungeon (9/15)             Temple (0/1) D:6            Lair (1/6) D:9
    Orc: D:9-12

Altars:
Elyvilon
Fedhas
Kikubaaqudgha
Qazlal
Vehumet
Jiyva


Innate Abilities, Weirdness & Mutations

You are too large for most types of armour.
You have claws for hands.
Your metabolism is lightning-fast.
You like to eat raw meat.
Your natural rate of healing is unusually fast.
You are covered in fur. (AC +1)
You have extremely tough skin. (AC +3)
You have a pair of small antennae on your head.
You are partially covered in iridescent scales. (AC +2)


Message History

The komodo dragon bites you!!
You closely miss the komodo dragon.
The komodo dragon is heavily wounded.
You scratch the komodo dragon but do no damage.
The komodo dragon is heavily wounded.
The komodo dragon barely misses you.
You claw the komodo dragon!
The komodo dragon is severely wounded.
The komodo dragon bites you!!
* * * LOW HITPOINT WARNING * * *
You see here a blink frog skeleton.
The komodo dragon hisses menacingly.
The crocodile completely misses you.
There is a staircase back to the Dungeon here.
The crocodile barely misses you. The komodo dragon bites you!
* * * LOW HITPOINT WARNING * * *
You climb upwards.
Welcome back to the Dungeon!
There is a staircase to the Lair here.
The crocodile closely misses you. The komodo dragon bites you!!
You die...

##..# #####.# ##.># ####.....#
##..# ###......).# # ....#
##P..P......## # ##[##
#P......P.P.P# # ##.#
##.PPP...)P...## # ##.####
#.PP.P.PP.).?..# #
......###.P..P####..P..# #
#..##.##...)P.#l@'...P.## #
#.##......P...#>t#..P...########
#..........P..####.P....)......#
............P.....P.P..#######.#
#.......>.P..P.)..P...## ###.##
##................P.P.# #.....
##.....=.....P.PPP...## #.#.##
..........###...P..### #.#.#
#.##.(...## ###..### #...#


You could see a komodo dragon and a crocodile.

Vanquished Creatures
  A two-headed ogre (D:9)
  An ugly thing (D:9)
  The ghost of Destapler the Ducker, a novice DsAs of Ashenzari (D:5)
  A smoke demon (Abyss:1)
  A komodo dragon (Lair:1)
  2 hornets
  4 blink frogs (Lair:1)
  Menkaure (D:4)
  Duvessa (D:4)
  A water moccasin (D:7)
  2 porcupines (D:9)
  2 ice beasts (D:8)
  A phantom (D:5)
  2 orc warriors
  2 starcursed masses (Abyss:1)
  A sky beast (D:5)
  An eye of draining (D:6)
  3 ogres
  A centaur (D:7)
  4 big kobolds
  4 bullfrogs
  Dowan (D:4)
  5 scorpions
  5 killer bees (D:7)
  3 howler monkeys
  5 jellies
  A centaur zombie (D:5)
  2 quasits
  A bullfrog zombie (D:7)
  4 hounds
  4 orc priests
  2 bullfrog skeletons
  8 orc wizards
  2 iguanas
  Ijyb (D:4)
  3 worker ants
  A hound zombie (D:5)
  A worker ant zombie (D:6)
  Robin (D:4)
  7 gnolls
  A howler monkey skeleton (D:6)
  7 adders
  2 shadow imps
  An adder zombie (D:6)
  A worm (D:3)
  5 leopard geckos
  25 orcs
  3 bats
  8 giant cockroaches
  18 goblins
  5 hobgoblins
  12 jackals
  17 kobolds
  5 quokkas
  A ball python (D:4)
  A frilled lizard (D:1)
  A jackal zombie (D:6)
  6 rats
  A fungus (D:9)
214 creatures vanquished.

Vanquished Creatures (collateral kills)
  A gargoyle (D:9)
  An orc warrior (D:9)
  A plant (D:9)
3 creatures vanquished.

Vanquished Creatures (others)
  A centaur (D:8)
  A fungus (D:9)
  2 plants (D:5)
4 creatures vanquished.

Grand Total: 221 creatures vanquished

Notes
Turn   | Place    | Note
-------+----------+-------------------------------------------
     0 | D:1      | BreadTh the Troll Berserker began the quest for the Orb.
     0 | D:1      | Reached XP level 1. HP: 22/22 MP: 0/0
   100 | D:1      | Reached XP level 2. HP: 29/29 MP: 1/1
   698 | D:2      | Reached XP level 3. HP: 36/36 MP: 2/2
   934 | D:2      | Reached ** piety under Trog
  1130 | D:3      | Reached skill level 4 in Unarmed Combat
  1151 | D:3      | Reached XP level 4. HP: 44/44 MP: 3/3
  1573 | D:3      | Reached XP level 5. HP: 53/53 MP: 4/4
  1844 | D:4      | Noticed Dowan
  1844 | D:4      | Noticed Duvessa
  1864 | D:4      | Killed Duvessa
  1864 | D:4      | Reached skill level 5 in Unarmed Combat
  1875 | D:4      | Killed Dowan
  1875 | D:4      | Reached skill level 6 in Unarmed Combat
  1875 | D:4      | Reached XP level 6. HP: 61/61 MP: 5/5
  1938 | D:4      | Noticed Menkaure
  1963 | D:4      | Killed Menkaure
  1963 | D:4      | Reached skill level 7 in Unarmed Combat
  2188 | D:4      | Reached XP level 7. HP: 67/67 MP: 6/6
  2212 | D:4      | Noticed Ijyb
  2219 | D:4      | Paralysed by Ijyb for 7 turns
  2230 | D:4      | Killed Ijyb
  2273 | D:4      | Noticed Robin
  2281 | D:4      | Reached *** piety under Trog
  2297 | D:4      | Killed Robin
  2419 | D:4      | Reached skill level 8 in Unarmed Combat
  2823 | D:4      | Reached skill level 9 in Unarmed Combat
  2939 | D:5      | Entered Level 5 of the Dungeon
  2994 | D:5      | Reached XP level 8. HP: 75/75 MP: 7/7
  3026 | D:5      | Found a runed translucent gate.
  3048 | D:5      | Noticed Destapler's ghost (novice DsAs)
  3049 | D:5      | Found a runed translucent gate.
  3050 | D:5      | Found a runed translucent gate.
  3065 | D:5      | Cast into level 1 of the Abyss (big kobold)
  3134 | Abyss:1  | Noticed a worldbinder
  3140 | Abyss:1  | Noticed a komodo dragon
  3157 | Abyss:1  | Noticed a starcursed mass
  3160 | Abyss:1  | Paralysed by accursed screaming for 1 turns
  3162 | Abyss:1  | Noticed a freezing wraith
  3217 | Abyss:1  | Killed a starcursed mass
  3217 | Abyss:1  | Reached skill level 10 in Unarmed Combat
  3227 | Abyss:1  | Gained mutation: You are partially covered in iridescent
                  | scales. (AC +2) [potion of mutation]
  3227 | Abyss:1  | Gained mutation: You have a pair of small antennae on your
                  | head. [potion of mutation]
  3233 | Abyss:1  | Identified a scroll of acquirement
  3243 | Abyss:1  | Found a corrupted altar of Lugonu.
  3256 | Abyss:1  | Noticed a smoke demon
  3267 | Abyss:1  | Killed a starcursed mass
  3312 | Abyss:1  | Killed a smoke demon
  3314 | D:5      | Escaped the Abyss
  3316 | D:5      | Reached skill level 11 in Unarmed Combat
  3336 | D:5      | Killed Destapler's ghost
  3336 | D:5      | Reached XP level 9. HP: 40/81 MP: 8/8
  3353 | D:5      | Reached **** piety under Trog
  3395 | D:5      | Reached skill level 12 in Unarmed Combat
  3481 | D:5      | Found a blossoming altar of Fedhas.
  4224 | D:6      | Found a white marble altar of Elyvilon.
  4224 | D:6      | Found an ancient bone altar of Kikubaaqudgha.
  4242 | D:6      | Found a staircase to the Ecumenical Temple.
  4805 | D:7      | Reached skill level 13 in Unarmed Combat
  4936 | D:7      | Found a stormy altar of Qazlal.
  5029 | D:7      | Reached ***** piety under Trog
  5506 | D:8      | Reached XP level 10. HP: 90/91 MP: 9/9
  5593 | D:8      | Found a viscous altar of Jiyva.
  5599 | D:8      | Reached skill level 14 in Unarmed Combat
  6021 | D:8      | Found a radiant altar of Vehumet.
  6276 | D:9      | Received a gift from Trog
  6403 | D:9      | Noticed a two-headed ogre
  6408 | D:9      | Killed a two-headed ogre
  6731 | D:9      | Noticed a brown ugly thing
  6741 | D:9      | Killed a brown ugly thing
  6900 | D:9      | Noticed a gargoyle
  6910 | D:9      | Killed a gargoyle
  6935 | D:9      | Found a staircase to the Lair.
  7020 | Lair:1   | Entered Level 1 of the Lair of Beasts
  7027 | Lair:1   | Reached skill level 15 in Unarmed Combat
  7098 | Lair:1   | Reached skill level 5 in Fighting
  7214 | D:9      | Slain by a komodo dragon

Levels and vault maps discovered:
D:1:      minmay_arrival_loop, layout_loops_cross
D:2:      layout_rooms, first_ration
D:3:      layout_loops_ring, kennysheep_another_room
D:4:      kennysheep_six_static_rooms, layout_basic, uniq_ijyb, uniq_robin,
          uniq_duvessa, uniq_menkaure
D:5:      layout_rooms, gammafunk_ghost_nasty_kobolds, fedhas_altar_3
D:6:      layout_basic, gammafunk_temple_overflow_statue,
          minmay_temple_entry_mini_moons, minmay_diced_spiral
D:7:      layout_loops_cross, kennysheep_little_box
D:8:      layout_cave_pods, overflow_temple_1_default, jiyva_altar_1
D:9:      layout_loops_ring, grunt_lair_entry_orc_guard_hut
Lair:1:   layout_hall_layers, small_statue_intersection,
          chequers_serial_rivers_marsh

Skill      XL: |  1  2  3  4  5  6  7  8  9 10 |
---------------+-------------------------------+-----
Unarmed Combat | 4 6 7 9 11 13 15 | 15.3
Fighting       | 3 5 |  5.0
Dodging        | 3 |  3.0

Action                   |  1- 3 |  4- 6 |  7- 9 | 10-12 || total
-------------------------+-------+-------+-------+-------++-------
Melee: Unarmed           |   119 |    96 |   299 |   123 ||   637
       Punch             |     1 |     1 |    14 |     4 ||    20
Throw: Dart              |       |       |     1 |       ||     1
Invok: Berserk           |       |     1 |     1 |       ||     2
       Brothers in Arms  |       |       |       |     1 ||     1
  Use: Scroll            |       |       |    19 |     1 ||    20
       Potion            |       |       |     2 |       ||     2
  Eat: Chunk             |    16 |     8 |    34 |    15 ||    73
Armor: Animal skin       |    47 |    25 |    67 |    13 ||   152
Dodge: Dodged            |    95 |    57 |   162 |    53 ||   367
Block: Shield            |       |       |     8 |       ||     8
       Other             |       |       |     7 |     7 ||    14
       Reflection        |       |       |       |     2 ||     2
